 Dungeon Crawl Stone Soup version 0.21.0-3-g78d12a8 (webtiles) character file.

113483 HungrySpirit the Eclecticist (level 16, 0/80 HPs)
             Began as a Deep Elf Artificer on Jan 8, 2018.
             Was the Champion of Vehumet.
             Killed by the air
             ... invoked by a wind drake
              (25 damage)
             ... on level 4 of the Shoals.
             The game lasted 02:40:26 (39404 turns).

HungrySpirit the Eclecticist (Deep Elf Artificer)  Turns: 39404, Time: 02:40:26

Health: 0/80       AC: 25    Str:  8 (9)  XL:     16   Next: 14%
Magic:  9/65       EV: 22    Int: 24      God:    Vehumet [******]
Gold:   679        SH:  7    Dex: 15      Spells: 5/47 levels left

rFire    . . .     SeeInvis +   E - staff of power
rCold    . . .     Gourm    .   O - +1 buckler {rPois}
rNeg     . . .     Faith    .   Z - +7 leather armour of Snakes and Ladders {rElec}
rPois    +         Spirit   .   x - +2 helmet {SInv}
rElec    +         Reflect  .   (no cloak)
rCorr    .         Harm     .   a - +0 pair of gloves
MR       +....                  S - +2 pair of boots {Fly}
Stlth    ++........             P - amulet of regeneration
HPRegen  0.63/turn              t - ring of magical power
MPRegen  0.39/turn              G - +6 ring of protection

@: flying
A: yellow scales 1, deterioration 1, high mp 1
a: Renounce Religion, Stop Flying


You were on level 4 of the Shoals.
You worshipped Vehumet.
Vehumet was exalted by your worship.
You were not hungry.

You visited 6 branches of the dungeon, and saw 29 of its levels.

You collected 2992 gold pieces.
You spent 2313 gold pieces at shops.

Inventory:

Hand Weapons
 v - a +7 falchion
Missiles
 L - 251 arrows
Armour
 a - a +0 pair of gloves (worn)
 n - a +2 helmet of intelligence
 u - a +2 leather armour of fire resistance
 x - a +2 helmet of see invisible (worn)
 M - a +1 robe of magic resistance
 O - a +1 buckler of poison resistance (worn)
 S - a +2 pair of boots of flying (worn)
 Z - the +7 leather armour of Snakes and Ladders (worn) {rElec}
   (You bought it in a shop on level 2 of the Shoals)

   It insulates you from electricity.
Magical Staves
 E - an uncursed staff of power (weapon)
Jewellery
 d - a +2 ring of evasion
 e - a +6 ring of intelligence
 t - a ring of magical power (left hand)
 B - an uncursed ring of protection from magic
 C - an uncursed ring of protection from fire
 G - a +6 ring of protection (right hand)
 K - an uncursed ring of fire
 P - an amulet of regeneration (around neck)
 U - an uncursed ring of resist corrosion
Wands
 c - a wand of scattershot (5)
 i - a wand of flame (46)
 q - a wand of polymorph (25)
 y - a wand of random effects (51)
 I - a wand of acid (16)
 W - a wand of paralysis (16)
Scrolls
 g - 2 scrolls of fog
 h - 5 scrolls of magic mapping
 j - 9 scrolls of remove curse
 k - a scroll of vulnerability
 l - 5 scrolls of immolation
 o - 13 scrolls of identify
 p - 13 scrolls of teleportation
 A - 5 scrolls of blinking
 F - 4 scrolls of amnesia
 X - a scroll of fear
Potions
 b - 3 potions of brilliance
 w - 5 potions of curing
 z - 6 potions of resistance
 H - 3 potions of lignification
 J - a potion of haste
 Q - 2 potions of berserk rage
 R - 2 potions of mutation
 T - a potion of might
 V - 2 potions of heal wounds
Books
 m - a book of Changes

   Spells                             Type                      Level
   a - Beastly Appendage              Transmutation                1
   b - Sticks to Snakes               Transmutation                2
   c - Spider Form                    Transmutation/Poison         3
   d - Ice Form                       Ice/Transmutation            4
   e - Blade Hands                    Transmutation                5
 r - a book of Ice

   Spells                             Type                      Level
   a - Ice Form                       Ice/Transmutation            4
   b - Metabolic Englaciation         Hexes/Ice                    5
   c - Ozocubu's Refrigeration        Ice                          6
   d - Bolt of Cold                   Conjuration/Ice              6
   e - Freezing Cloud                 Conjuration/Ice/Air          6
   f - Simulacrum                     Ice/Necromancy               6
 s - a book of Maledictions

   Spells                             Type                      Level
   a - Corona                         Hexes                        1
   b - Ensorcelled Hibernation        Hexes/Ice                    2
   c - Confuse                        Hexes                        3
   d - Tukima's Dance                 Hexes                        3
   e - Dazzling Spray                 Conjuration/Hexes            3
 D - a book of Fire

   Spells                             Type                      Level
   a - Ignite Poison                  Fire/Transmutation/Poison    3
   b - Fireball                       Conjuration/Fire             5
   c - Bolt of Fire                   Conjuration/Fire             6
   d - Ring of Flames                 Charms/Fire                  7
   e - Ignition                       Fire                         8
 N - a book of Frost

   Spells                             Type                      Level
   a - Freeze                         Ice                          1
   b - Throw Frost                    Conjuration/Ice              2
   c - Ozocubu's Armour               Charms/Ice                   3
   d - Throw Icicle                   Conjuration/Ice              4
   e - Summon Ice Beast               Ice/Summoning                4
 Y - a book of Battle

   Spells                             Type                      Level
   a - Infusion                       Charms                       1
   b - Shroud of Golubria             Charms/Translocation         2
   c - Song of Slaying                Charms                       2
   d - Spectral Weapon                Hexes/Charms                 3
   e - Regeneration                   Charms/Necromancy            3
Comestibles
 f - 28 rations


   Skills:
 - Level 2.1 Fighting
   Level 5.0(7.5) Short Blades
 - Level 7.9(8.4) Long Blades
 + Level 15.5 Dodging
 - Level 1.2 Stealth
 - Level 7.1 Shields
 + Level 16.3 Spellcasting
 + Level 12.7 Conjurations
 - Level 5.0 Hexes
 - Level 2.8 Charms
 - Level 2.3 Translocations
 - Level 7.0 Transmutations
 + Level 12.5 Fire Magic
 - Level 3.5 Ice Magic
 - Level 3.2 Evocations


You had 5 spell levels left.
You knew the following spells:

 Your Spells              Type           Power        Failure   Level  Hunger
a - Iskenderun's Battles  Conj/Chrm      ######..     1%          5    #......
b - Flame Tongue          Conj/Fire      #####        0%          1    None
c - Fireball              Conj/Fire      ######....   1%          5    #......
d - Bolt of Fire          Conj/Fire      ######....   1%          6    ####...
e - Ozocubu's Armour      Chrm/Ice       ####....     3%          3    None
f - Ice Form              Ice/Tmut       #####...     4%          4    None
g - Sticks to Snakes      Tmut           ######..     1%          2    None
h - Force Lance           Conj/Tloc      ######..     1%          4    None
i - Tukima's Dance        Hex            #####...     1%          3    None
j - Confuse               Hex            #####...     1%          3    None
k - Ignite Poison         Fire/Tmut/Pois ######..     1%          3    None
l - Regeneration          Chrm/Necr      ####......   7%          3    None


Dungeon Overview and Level Annotations

Branches:
Dungeon (15/15)            Temple (1/1) D:7            Lair (6/6) D:9
 Shoals (4/4) Lair:4       Spider (1/4) Lair:2        Slime (0/5) Lair:5
    Orc (2/2) D:9             Elf (0/3) Orc:2        Vaults (0/5) D:13
 Depths: D:15

Altars:
Ashenzari
Cheibriados
Dithmenos
Elyvilon
Fedhas
Gozag
Hepliaklqana
Kikubaaqudgha
Makhleb
Nemelex Xobeh
Okawaru
Qazlal
Ru
Sif Muna
Trog
Uskayaw
Vehumet
Wu Jian
Xom
Yredelemnul
Zin
The Shining One
Beogh
Jiyva

Shops:
D:10 [   Orc:1 *[?*   Orc:2 ![?}   Shoals:1 [   Shoals:2 ??[

Portals:
Trove: D:10 (give +6 demon whip)

Annotations:
D:4 Aviak's ghost, amateur TrTm
D:5 Edmund
Lair:5 1 runed door
Shoals:4 nikopol's ghost, adept MiBe
Spider:1 Aizul


Innate Abilities, Weirdness & Mutations

You are partially covered in yellow scales. (AC +2)
Your body sometimes deteriorates upon taking damage.
You have an increased reservoir of magic. (+10% MP)


Message History

The javelin of penetration pierces through you.
You hear a splash.
Unknown command.
The wind drake flaps its wings at you.
The air twists around and violently strikes you in flight!
Unknown command.
Unknown command.
The wind drake flaps its wings at you.
The air twists around and violently strikes you in flight!
Unknown command.
Unknown command.
The merfolk javelineer throws a javelin of penetration.
The javelin of penetration pierces through you!!
* * * LOW HITPOINT WARNING * * *
You hear a splash.
You see here a javelin of penetration.
Unknown command.
The wind drake flaps its wings at you.
The air twists around and violently strikes you in flight!
You die...

.....≈≈m≈≈≈≈≈≈≈≈≈≈≈≈#####≈≈≈≈≈≈
.#####≈≈≈≈≈≈≈≈≈≈≈≈≈≈≈≈≈≈≈≈≈≈≈≈≈
##≈≈≈≈≈≈≈≈≈≈≈≈≈≈≈≈≈≈≈≈≈≈≈≈
#≈≈≈≈k≈≈≈≈≈≈≈≈≈≈≈≈≈≈≈≈≈≈≈
#≈≈≈≈≈≈≈≈≈≈≈≈≈≈≈≈≈≈≈≈≈≈≈≈
#≈≈≈≈≈≈≈≈≈≈≈≈≈≈≈≈≈≈≈≈≈≈≈≈
##.≈≈≈≈≈≈≈≈≈≈≈≈≈≈≈≈≈≈≈≈≈≈≈
#....≈≈≈(≈≈≈≈...≈≈≈≈≈≈≈≈≈≈
......≈≈≈≈@≈≈(###.≈≈≈≈≈≈≈≈≈
.......≈≈≈≈≈..## #.≈≈≈≈≈≈≈≈≈
......≈≈≈≈≈.### #.≈≈≈≈≈≈≈≈≈
.##'##≈≈≈≈<# ##.≈≈≈≈≈≈≈≈≈ ..
##≈≈.## ##..≈≈≈≈≈≈≈≈≈ #≈≈.#
#..≈≈≈≈≈≈≈≈≈≈ #≈..#
#.≈≈§≈≈≈≈≈≈≈≈ #≈..##
##.≈≈≈≈≈≈≈≈≈≈≈
##≈≈..###..≈≈≈≈≈≈≈≈≈≈≈


You could see a wind drake.

Vanquished Creatures
  An entropy weaver (Lair:2)
  3 merfolk impalers
  4 hydras
  Fannar (D:12)
  2 merfolk avatars
  2 vault guards (D:13)
  Erolcha (Orc:2)
  A catoblepas (D:13)
  A rakshasa (D:14)
  2 centaur warriors
  3 ogre magi
  11 two-headed ogres
  2 satyrs (Shoals:3)
  2 merfolk aquamancers
  An alligator snapping turtle (Lair:4)
  A skeletal warrior (D:15)
  2 unseen horrors
  10 sea snakes
  A flayed ghost (D:15)
  2 orb spiders
  An oklob plant (Lair:3)
  6 wolf spiders
  18 fauns
  7 orc sorcerers (Orc:2)
  9 manticores
  3 cyclopes
  5 elephants
  12 merfolk sirens
  4 black mambas
  3 water nymphs
  Psyche (D:11)
  A torpor snail (Lair:6)
  25 spiny frogs
  5 kobold demonologists
  A demonic crawler (Lair:2)
  9 rime drakes
  7 komodo dragons
  18 merfolk
  2 polar bears
  5 jumping spiders
  3 tyrant leeches
  22 blink frogs
  5 trolls
  8 snapping turtles
  4 wind drakes
  11 hippogriffs
  12 redbacks
  A meliai zombie (D:12)
  3 tarantellas
  12 orc warriors
  8 yaks
  2 vampires
  13 wyverns
  3 basilisks
  A wraith (D:13)
  Sigmund (D:6)
  10 water elementals
  8 vampire mosquitoes
  A harpy simulacrum (D:11)
  3 wargs
  15 water moccasins
  7 porcupines
  2 black bears
  5 ice beasts
  5 sky beasts
  9 wolves
  11 ogres
  3 boggarts (D:13)
  11 centaurs
  8 crocodiles
  4 big kobolds
  21 bullfrogs
  2 scorpions
  6 killer bees
  9 wights
  2 electric eels (Lair:6)
  A howler monkey (D:11)
  4 crimson imps
  A bullfrog zombie (D:7)
  5 hounds
  4 jellies
  3 centaur zombies
  16 orc priests
  40 orc wizards
  2 bullfrog skeletons
  6 centaur skeletons
  3 iguanas
  2 hell rats (Lair:6)
  8 worker ants
  3 hound skeletons
  2 howler monkey zombies (D:6)
  A worker ant zombie (D:6)
  16 adders
  9 river rats (Lair:6)
  3 shadow imps
  A howler monkey simulacrum (D:10)
  An ooze (D:2)
  4 adder skeletons
  2 worms
  5 dart slugs
  2 leopard geckos (D:4)
  72 orcs
  A ball python (D:7)
  3 giant cockroaches
  10 goblins
  5 hobgoblins
  13 jackals
  5 quokkas
  7 bats
  6 frilled lizards
  A giant cockroach zombie (D:6)
  A jackal zombie (D:5)
  21 kobolds
  A leopard gecko skeleton (D:8)
  2 quokka skeletons
  2 quokka zombies
  10 rats
  A fungus (Lair:5)
  A plant (Lair:3)
  2 withered plants (D:15)
754 creatures vanquished.

Vanquished Creatures (collateral kills)
  A merfolk impaler (Shoals:1)
  2 vault guards (D:13)
  A centaur warrior (D:10)
  An oklob plant (Lair:3)
  4 komodo dragons
  A tengu conjurer (D:10)
  6 blink frogs (Lair:1)
  2 hippogriffs
  A tarantella (Lair:2)
  2 orc warriors
  2 basilisks
  2 water moccasins (Lair:1)
  A porcupine (Lair:1)
  5 ice beasts (Lair:1)
  2 crocodiles (Lair:1)
  A bullfrog (Lair:1)
  A wight (D:8)
  3 orc wizards
  5 orcs
  A hobgoblin (D:3)
44 creatures vanquished.

Vanquished Creatures (others)
  3 dancing weapons
  2 wights (D:8)
  An orc (D:5)
  15 fungi
  35 plants
  A withered plant (D:15)
57 creatures vanquished.

Grand Total: 855 creatures vanquished

Notes
Turn   | Place    | Note
-------+----------+-------------------------------------------
     0 | D:1      | HungrySpirit the Deep Elf Artificer began the quest for the Orb.
     0 | D:1      | Reached XP level 1. HP: 11/11 MP: 5/5
   121 | D:1      | Reached skill level 1 in Fighting
   128 | D:1      | Reached XP level 2. HP: 7/16 MP: 6/6
   727 | D:1      | Reached XP level 3. HP: 20/20 MP: 7/7
  1099 | D:2      | Found a white marble altar of Elyvilon.
  1366 | D:2      | Reached XP level 4. HP: 23/25 MP: 8/8
  3015 | D:3      | Reached XP level 5. HP: 20/30 MP: 9/9
  3351 | D:4      | Noticed Aviak's ghost (amateur TrTm)
  3504 | D:4      | Reached skill level 1 in Spellcasting
  3742 | D:4      | Noticed an ogre
  4119 | D:4      | Found an ornate altar of the Wu Jian Council.
  4157 | D:4      | Reached XP level 6. HP: 21/35 MP: 10/10
  4645 | D:5      | Entered Level 5 of the Dungeon
  4649 | D:5      | Found a stormy altar of Qazlal.
  4884 | D:5      | Reached skill level 2 in Spellcasting
  5091 | D:5      | Found a shimmering altar of Xom.
  5203 | D:5      | Found a shadowy altar of Dithmenos.
  5411 | D:5      | Noticed Edmund
  6738 | D:6      | Noticed an orc warrior
  6776 | D:6      | Reached skill level 5 in Short Blades
  7157 | D:6      | Reached skill level 3 in Spellcasting
  7159 | D:6      | Noticed Sigmund
  7167 | D:6      | Killed Sigmund
  7167 | D:6      | Reached skill level 1 in Long Blades
  7167 | D:6      | Reached skill level 5 in Dodging
  7167 | D:6      | Reached XP level 7. HP: 24/40 MP: 12/14
  7325 | D:6      | Noticed a hippogriff
  7475 | D:6      | Reached skill level 4 in Spellcasting
  7686 | D:6      | Killed an orc warrior
  7690 | D:6      | Gained mutation: You have sharp toenails. [potion of mutation]
  7690 | D:6      | Gained mutation: You passively map a small area around you. [potion of mutation]
  7690 | D:6      | Gained mutation: You possess an exceptional clarity of mind. [potion of mutation]
  7691 | D:6      | Lost mutation: You possess an exceptional clarity of mind. [potion of mutation]
  7691 | D:6      | Lost mutation: You have sharp toenails. [potion of mutation]
  7691 | D:6      | Lost mutation: You passively map a small area around you. [potion of mutation]
  7691 | D:6      | Gained mutation: You are partially covered in yellow scales. (AC +2) [potion of mutation]
  7691 | D:6      | Gained mutation: Your body sometimes deteriorates upon taking damage. [potion of mutation]
  7691 | D:6      | Gained mutation: You evolve. [potion of mutation]
  7700 | D:6      | Killed a hippogriff
  7700 | D:6      | Reached skill level 5 in Spellcasting
  7700 | D:6      | Reached XP level 8. HP: 14/44 MP: 17/17
  7834 | D:6      | Gained mutation: You have an increased reservoir of magic. (+10% MP) [evolution]
  7834 | D:6      | Lost mutation: You evolve. [end of evolution]
  8384 | D:7      | Reached skill level 6 in Spellcasting
  8805 | D:7      | Reached skill level 7 in Spellcasting
  9421 | D:7      | Found a staircase to the Ecumenical Temple.
  9461 | Temple   | Entered the Ecumenical Temple
  9536 | Temple   | Became a worshipper of Vehumet
  9751 | D:8      | Reached XP level 9. HP: 46/48 MP: 24/24
  9768 | D:8      | Found a sacrificial altar of Ru.
 10006 | D:8      | Reached skill level 5 in Long Blades
 10006 | D:8      | Reached skill level 8 in Spellcasting
 11142 | D:9      | Noticed a two-headed ogre
 11159 | D:8      | Reached * piety under Vehumet
 11159 | D:8      | Offered knowledge of Freeze by Vehumet.
 11270 | D:7      | HP: 1/48 [ice beast (12)]
 11807 | D:8      | Reached skill level 9 in Spellcasting
 11877 | D:9      | Noticed a two-headed ogre
 12124 | D:9      | Found a staircase to the Lair.
 12125 | D:9      | Noticed a komodo dragon
 12189 | D:9      | Found a staircase to the Orcish Mines.
 12360 | D:9      | Learned a level 2 spell: Sticks to Snakes
 13074 | D:9      | Reached skill level 1 in Transmutations
 13429 | D:10     | Entered Level 10 of the Dungeon
 13562 | D:10     | Noticed a two-headed ogre
 13577 | D:10     | Killed a two-headed ogre
 13577 | D:10     | Reached XP level 10. HP: 51/53 MP: 23/28
 13773 | D:10     | Found a portal to a secret trove of treasure.
 13881 | D:10     | Noticed a centaur warrior
 13883 | D:10     | Noticed an ogre mage
 13983 | D:9      | Killed a two-headed ogre
 13983 | D:9      | Reached skill level 10 in Dodging
 13983 | D:9      | Reached skill level 10 in Spellcasting
 14233 | D:9      | Reached ** piety under Vehumet
 14402 | D:9      | Found a glowing silver altar of Zin.
 14505 | D:9      | Killed a two-headed ogre
 14505 | D:9      | Offered knowledge of Flame Tongue by Vehumet.
 14505 | D:9      | Reached skill level 5 in Transmutations
 14701 | Lair:1   | Entered Level 1 of the Lair of Beasts
 14856 | Lair:1   | Learned a level 1 spell: Flame Tongue
 15077 | Lair:1   | Reached skill level 1 in Conjurations
 15122 | Lair:1   | Learned a level 4 spell: Ice Form
 15270 | Lair:1   | Reached XP level 11. HP: 15/57 MP: 9/30
 15545 | Lair:1   | Reached skill level 11 in Spellcasting
 15583 | Lair:1   | Offered knowledge of Throw Flame by Vehumet.
 16633 | Lair:1   | Reached *** piety under Vehumet
 16858 | Lair:2   | Noticed a four-headed hydra
 16883 | Lair:2   | Killed a four-headed hydra
 16883 | Lair:2   | Reached skill level 1 in Ice Magic
 17008 | Lair:2   | Reached skill level 5 in Conjurations
 17301 | Lair:2   | HP: 1/57 [komodo dragon (19)]
 17716 | Lair:2   | Noticed an orb spider
 17716 | Lair:2   | Found a hole to the Spider Nest.
 18825 | Lair:3   | Noticed an oklob plant
 19159 | Lair:3   | Noticed an oklob plant
 19176 | Lair:3   | Killed an oklob plant
 19176 | Lair:3   | Reached skill level 1 in Fire Magic
 19801 | Lair:3   | Killed an oklob plant
 21445 | Lair:3   | Reached XP level 12. HP: 60/62 MP: 32/32
 21578 | Lair:4   | You are sucked into a shaft!
 21779 | Lair:4   | Offered knowledge of Force Lance by Vehumet.
 21883 | Lair:4   | Learned a level 4 spell: Force Lance
 21899 | Lair:4   | Reached skill level 12 in Spellcasting
 22289 | Lair:4   | Found a staircase to the Shoals.
 23383 | Lair:5   | Found a runed door.
 23383 | Lair:5   | Found a viscous altar of Jiyva.
 23383 | Lair:5   | Noticed an acid blob
 23384 | Lair:5   | Found a staircase to the Slime Pits.
 23386 | Lair:5   | Noticed an acid blob
 23710 | Lair:6   | Entered Level 6 of the Lair of Beasts
 23904 | D:10     | Killed an ogre mage
 23904 | D:10     | Reached skill level 1 in Translocations
 23917 | D:10     | Killed a centaur warrior
 24185 | D:10     | Found Numuoh's Antique Armour Emporium.
 24351 | D:11     | Learned a level 3 spell: Confuse
 24355 | D:11     | Learned a level 3 spell: Tukima's Dance
 24399 | D:11     | Reached **** piety under Vehumet
 24408 | D:11     | Reached skill level 1 in Hexes
 24410 | D:11     | Offered knowledge of Iskenderun's Battlesphere by Vehumet.
 24544 | D:11     | Learned a level 5 spell: Iskenderun's Battlesphere
 25585 | D:11     | Noticed a two-headed ogre
 25596 | D:11     | Killed a two-headed ogre
 25596 | D:11     | Reached skill level 1 in Charms
 25667 | D:11     | Noticed a two-headed ogre
 25756 | D:11     | Noticed Psyche
 25901 | D:11     | Killed a two-headed ogre
 25978 | D:11     | Killed Psyche
 26047 | D:11     | Noticed a five-headed hydra
 26051 | D:11     | Killed a five-headed hydra
 26051 | D:11     | Reached skill level 13 in Spellcasting
 26175 | D:12     | Reached skill level 5 in Hexes
 26194 | D:12     | Identified a scroll of acquirement
 26204 | D:12     | Learned a level 5 spell: Fireball
 26345 | D:12     | Reached XP level 13. HP: 64/66 MP: 15/35
 26539 | D:12     | Reached ***** piety under Vehumet
 26541 | D:12     | Offered knowledge of Bolt of Cold by Vehumet.
 26691 | D:12     | Noticed Fannar
 26695 | D:12     | Killed Fannar
 27358 | D:13     | Reached skill level 5 in Fire Magic
 27574 | Orc:1    | Entered Level 1 of the Orcish Mines
 27584 | Orc:1    | Found Tiucer's General Store.
 27632 | Orc:1    | Found Fapu's Antique Armour Emporium.
 27717 | Orc:2    | Entered Level 2 of the Orcish Mines
 27804 | Orc:1    | Learned a level 6 spell: Bolt of Fire
 27808 | Orc:1    | Learned a level 3 spell: Ozocubu's Armour
 28452 | Orc:1    | Found Hiutusix's General Store.
 28475 | Orc:1    | Found Itwugaoc's Magic Scroll Shoppe.
 28622 | Orc:2    | Found a staircase to the Elven Halls.
 28902 | Orc:2    | Offered knowledge of Conjure Ball Lightning by Vehumet.
 29078 | Orc:2    | Found Fiduf's Antique Armour Shoppe.
 29132 | Orc:2    | Reached skill level 10 in Conjurations
 29273 | Orc:2    | Found an ancient bone altar of Kikubaaqudgha.
 29282 | Orc:2    | Found Plog's Gadget Shoppe.
 29338 | Orc:2    | Noticed Erolcha
 29342 | Orc:2    | Found a radiant altar of Vehumet.
 29513 | Orc:2    | Killed Erolcha
 29612 | Orc:2    | Found a roughly hewn altar of Beogh.
 29612 | Orc:2    | Found Syipeci's Distillery.
 29620 | Orc:2    | Found Wualuach's Magic Scroll Emporium.
 29637 | Orc:2    | Bought a potion of lignification for 42 gold pieces
 29695 | Orc:2    | Bought a potion of curing for 42 gold pieces
 29695 | Orc:2    | Bought a potion of curing for 42 gold pieces
 29695 | Orc:2    | Bought a potion of curing for 42 gold pieces
 29695 | Orc:2    | Bought a potion of resistance for 140 gold pieces
 29702 | Orc:2    | Bought a scroll of teleportation for 48 gold pieces
 29702 | Orc:2    | Bought a scroll of teleportation for 48 gold pieces
 29702 | Orc:2    | Bought 3 scrolls of teleportation for 144 gold pieces
 29702 | Orc:2    | Bought a scroll of identify for 32 gold pieces
 29738 | Orc:2    | Bought a glowing buckler for 195 gold pieces
 29738 | Orc:2    | Bought a pair of runed boots for 195 gold pieces
 29819 | Orc:1    | Bought a glowing helmet for 247 gold pieces
 29819 | Orc:1    | Bought a bronze leather armour for 231 gold pieces
 29819 | Orc:1    | Identified the cursed +1 leather armour of the Known World {Int+2} (You bought it in a shop on level 1 of the Orcish Mines)
 30064 | Lair:5   | Reached skill level 1 in Shields
 30189 | Lair:5   | Reached skill level 14 in Spellcasting
 30908 | Lair:6   | Reached XP level 14. HP: 72/72 MP: 37/37
 31442 | Lair:6   | Found a sparkling altar of Nemelex Xobeh.
 31530 | Lair:6   | Learned a level 3 spell: Ignite Poison
 32591 | Lair:5   | Offered knowledge of Lightning Bolt by Vehumet.
 33168 | D:13     | Reached skill level 10 in Fire Magic
 33204 | D:13     | Reached skill level 5 in Shields
 33322 | D:13     | Found a gate to the Vaults.
 34379 | D:14     | Reached skill level 15 in Spellcasting
 34663 | D:14     | Learned a level 3 spell: Regeneration
 35020 | D:15     | Entered Level 15 of the Dungeon
 35028 | D:15     | Reached XP level 15. HP: 76/76 MP: 39/39
 35489 | Spider:1 | Entered Level 1 of the Spider Nest
 35542 | Lair:2   | Offered knowledge of Freezing Cloud by Vehumet.
 36142 | Spider:1 | Noticed Aizul
 36422 | Shoals:1 | Entered Level 1 of the Shoals
 37333 | Shoals:1 | Found Deifioto's Armour Boutique.
 37756 | Shoals:2 | Found Bewk's Magic Scroll Emporium.
 37834 | Shoals:2 | Found Zofud's Antique Armour Shoppe.
 37845 | Shoals:2 | Bought a scroll of fear for 45 gold pieces
 37858 | Shoals:2 | Bought a brightly glowing leather armour for 196 gold pieces
 37858 | Shoals:2 | Identified the +7 leather armour of Snakes and Ladders {rElec} (You bought it in a shop on level 2 of the Shoals)
 38008 | Shoals:2 | Reached skill level 15 in Dodging
 38018 | Shoals:2 | Found Veipo's Magic Scroll Shoppe.
 38107 | Shoals:2 | Bought a scroll of acquirement for 624 gold pieces
 38527 | Shoals:3 | Reached skill level 16 in Spellcasting
 38884 | Shoals:3 | Reached XP level 16. HP: 78/80 MP: 41/41
 39088 | Shoals:4 | Entered Level 4 of the Shoals
 39109 | Shoals:4 | Noticed nikopol's ghost (adept MiBe)
 39262 | Shoals:4 | Reached ****** piety under Vehumet
 39332 | Shoals:4 | Offered knowledge of Iron Shot by Vehumet.
 39404 | Shoals:4 | Killed from afar by a wind drake

Skill      XL: |  1  2  3  4  5  6  7  8  9 10 11 12 13 14 15 |
---------------+----------------------------------------------+-----
Fighting       | 1 2 |  2.1
Short Blades   | 2 3 4 5 |  5.0
Dodging        | 3 4 5 6 8 9 10 11 12 13 14 15 | 15.5
Spellcasting   | 1 3 5 7 9 10 11 13 14 15 16 | 16.3
Long Blades    | 1 2 4 6 7 |  7.9
Transmutations | 3 6 7 |  7.0
Conjurations   | 2 6 9 10 11 12 | 12.7
Ice Magic      | 3 |  3.5
Fire Magic     | 2 4 8 10 12 | 12.5
Translocations | 2 |  2.3
Hexes          | 5 |  5.0
Charms         | 2 |  2.8
Shields        | 2 5 7 |  7.1
Stealth        | |  1.2
Evocations     | |  3.2

Action                   |  1- 3 |  4- 6 |  7- 9 | 10-12 | 13-15 | 16-18 || total
-------------------------+-------+-------+-------+-------+-------+-------++-------
Melee: Short sword       |   131 |   399 |       |       |       |       ||   530
       Falchion          |       |    10 |   442 |   500 |     2 |       ||   954
       Unarmed           |       |       |       |    20 |       |       ||    20
       Staff             |       |       |       |       |    46 |     1 ||    47
Throw: Throwing net      |       |     4 |       |       |       |       ||     4
 Cast: Sticks to Snakes  |       |       |     6 |    84 |     3 |     2 ||    95
       Flame Tongue      |       |       |       |   175 |   401 |    12 ||   588
       Ice Form          |       |       |       |     6 |     1 |       ||     7
       Force Lance       |       |       |       |    24 |   126 |    10 ||   160
       Iskenderun's Batt |       |       |       |    13 |   131 |    10 ||   154
       Confuse           |       |       |       |     6 |    14 |       ||    20
       Fireball          |       |       |       |     5 |   278 |    10 ||   293
       Tukima's Dance    |       |       |       |     5 |    14 |       ||    19
       Ozocubu's Armour  |       |       |       |       |    28 |     4 ||    32
       Bolt of Fire      |       |       |       |       |    19 |    16 ||    35
       Regeneration      |       |       |       |       |     7 |       ||     7
Evoke: Wand              |     8 |    25 |    23 |    53 |       |       ||   109
       Phantom mirror    |       |       |       |     2 |       |       ||     2
  Use: Scroll            |       |     5 |    10 |     9 |    12 |     3 ||    39
       Potion            |       |       |     9 |     5 |     1 |       ||    15
 Stab: Sleeping          |     2 |     3 |     2 |     1 |       |       ||     8
       Paralysed         |       |     2 |       |    49 |       |       ||    51
       Held in net/web   |       |     1 |       |       |       |       ||     1
       Betrayed ally     |       |     1 |       |       |       |       ||     1
       Confused          |       |       |     1 |       |       |       ||     1
       Distracted        |       |       |       |     4 |       |       ||     4
  Eat: Chunk             |     1 |    14 |     9 |    17 |    24 |     1 ||    66
       Ration            |       |     2 |     3 |     7 |     6 |     1 ||    19
Armor: Leather armour    |    34 |    87 |   124 |   191 |   112 |    11 ||   559
       Skin              |       |       |       |     7 |       |       ||     7
Dodge: Dodged            |   100 |   257 |   369 |   581 |   423 |    24 ||  1754
Block: Buckler           |       |       |       |       |   102 |     7 ||   109
       Rpst.: Falchion   |       |     2 |    82 |   142 |       |       ||   226
